 Dungeon Crawl Stone Soup version 0.20.0-15-g7f486f2 (webtiles) character file.

25 sagitran the Magician (level 2, -1/19 HPs)
             Began as a Demonspawn Wanderer on June 12, 2017.
             Slain by a frilled lizard (3 damage)
             ... on level 2 of the Dungeon.
             The game lasted 00:28:13 (1272 turns).

sagitran the Magician (Demonspawn Wanderer)         Turns: 1272, Time: 00:28:13

Health: -1/19      AC:  2    Str: 10    XL:     2   Next: 82%
Magic:  5/6        EV:  9    Int: 14    God:
Gold:   89         SH:  7    Dex: 13    Spells: 7/8 levels left

rFire    . . .     SeeInvis .   e - +0 dagger
rCold    + . .     Gourm    .   a - +0 shield
rNeg     . . .     Faith    .   d - +0 robe
rPois    .         Spirit   .   (no helmet)
rElec    .         Reflect  .   (no cloak)
rCorr    .         Harm     .   (no gloves)
MR       .....                  (no boots)
Stlth    +.........             (no amulet)
Regen    0.1/turn               (no ring)
MPRegen  0.1/turn               (no ring)

@: infused, very slightly contaminated
A: cold resistance 1
a: no special abilities


You were on level 2 of the Dungeon.
You were not hungry.

You visited 1 branch of the dungeon, and saw 2 of its levels.

You collected 89 gold pieces.

Inventory:

Hand Weapons
 e - a +0 dagger (weapon)
Missiles
 l - a javelin of returning (quivered)
Armour
 a - a +0 shield (worn)
 d - a +0 robe (worn)
Scrolls
 c - 3 scrolls of teleportation
 f - a scroll of remove curse {unknown}
 g - a scroll of blinking
 i - a scroll of fog {unknown}
Potions
 h - 2 potions of flight
Books
 b - Vaiz Qoll's Grimoire of Talismans

   Spells                             Type                      Level
   a - Infusion                       Charms                       1
   b - Spectral Weapon                Hexes/Charms                 3
Comestibles
 k - a royal jelly


   Skills:
 + Level 0.6 Dodging
 + Level 0.2 Stealth
 + Level 2.0 Shields
 + Level 3.5 Spellcasting
 + Level 1.9 Charms
   Level 2.1 Necromancy
   Level 1.0 Poison Magic


You had 7 spell levels left.
You knew the following spells:

 Your Spells              Type           Power        Failure   Level  Hunger
a - Infusion              Chrm           #...         45%         1    #......


Dungeon Overview and Level Annotations

Branches:
Dungeon (2/15)

Altars:
Qazlal


Innate Abilities, Weirdness & Mutations

Your flesh is cold resistant. (rC+)


Message History

Throwing (i - inventory):
l - 2 javelins of returning (quivered)
Press: ? - help, Shift-Dir - straight line, f/p - hobgoblin
Aim: a hobgoblin (moderately wounded)
You throw a javelin of returning.
The javelin of returning barely misses the hobgoblin.
The javelin of returning closely misses the frilled lizard.
The javelin of returning fails to return to your pack!
The hobgoblin hits you.
* * * LOW HITPOINT WARNING * * *
A bat comes into view.
Casting: Infusion
Confirm with . or Enter, or press ? or * to list all spells.
You begin infusing your attacks with magical energy.
You block the hobgoblin's attack.
Your shield prevents you from hitting the hobgoblin.
The hobgoblin is moderately wounded.
You block the frilled lizard's attack. The hobgoblin hits you.
* * * LOW HITPOINT WARNING * * *
The frilled lizard bites you.
You die...

#...........###.#
#.............?.# .
#.###....###.#..# ..
#.###....# #.#..#.#
#...'....# #.#...(
#####....# #.#.##.##
#######....###........
#......#+#.bl.........#
#.####.# #.@g.(...(...#
#.#..#.# +......).....
#.#....# #....$#......
#.##.#####<....#...##.
#.##..#.............. #
#.###............######.#
#.#####.#....#...(....#.#
#.......#.#.###.........
######..............#.#


You could see a hobgoblin, a bat and a frilled lizard.

Vanquished Creatures
  4 dart slugs
  7 bats
  2 hobgoblins (D:1)
  2 kobolds
  3 rats
18 creatures vanquished.

Notes
Turn   | Place    | Note
-------+----------+-------------------------------------------
     0 | D:1      | sagitran the Demonspawn Wanderer began the quest for the Orb.
     0 | D:1      | sagitran set off with: a +0 shield, Vaiz Qoll's Grimoire of Talismans, a scroll of teleportation, a +0 robe, a +0 dagger, a bread ration
     0 | D:1      | Reached XP level 1. HP: 13/13 MP: 4/4
     0 | D:1      | Identified Vaiz Qoll's Grimoire of Talismans
     2 | D:1      | Learned a level 1 spell: Infusion
   443 | D:1      | Gained mutation: Your flesh is cold resistant. (rC+) [demonic ancestry]
   443 | D:1      | Reached XP level 2. HP: 8/19 MP: 1/6
  1174 | D:2      | Found a stormy altar of Qazlal.
  1272 | D:2      | Slain by a frilled lizard

Skill      XL: |  1  2 |
---------------+-------+-----
Shields        | 2 |  2.0
Dodging        | |  0.6
Stealth        | |  0.2
Spellcasting   | |  3.5
Charms         | |  1.9
Necromancy     | |  2.1
Poison Magic   | |  1.0

Action                   || total
-------------------------++-------
Melee: Dagger            ||   107
Throw: Javelin           ||     7
 Cast: Infusion          ||     6
  Use: Potion            ||     2
       Scroll            ||     3
 Stab: Sleeping          ||     4
  Eat: Bread ration      ||     1
Armor: Robe              ||    14
Dodge: Dodged            ||    25
Block: Shield            ||    19
